 Dungeon Crawl Stone Soup version 0.31-a0-229-g1fc7ce93e2 (webtiles) character file.

Game seed: 618011665428232945

95 qw the Shooter (level 4, 0/26 HPs)
             Began as a Gargoyle Hexslinger on July 6, 2023.
             Slain by an orc
             ... wielding a +0 trident
              (6 damage)
             ... on level 3 of the Dungeon.
             The game lasted 00:00:57 (1572 turns).

qw the Shooter (Gargoyle Hexslinger)                Turns: 1572, Time: 00:00:57

Health: 0/26       AC: 11    Str: 11    XL:     4   Next: 65%
Magic:  5/5        EV: 10    Int: 14    God:
Gold:   114        SH:  0    Dex: 14    Spells: 4/5 levels left

rFire   . . .        i - +0 arbalest (heavy)
rCold   . . .        (shield currently unavailable)
rNeg    + . .        h - +0 ring mail
rPois   inf          (no helmet)
rElec   +            (no cloak)
rCorr   .            g - +0 pair of gloves
SInv    .            c - +0 pair of boots
Will    .....        (no amulet)
Stlth   +            (no ring)
HPRegen 0.24/turn    (no ring)
MPRegen 0.09/turn

%: no passive effects
@: about to teleport
A: sickness immunity, AC +3, negative energy resistance 1, electricity
resistance, torment resistance 1, petrification resistance
a: no special abilities


You were on level 3 of the Dungeon.
You visited 1 branch of the dungeon, and saw 3 of its levels.

You collected 114 gold pieces.


Innate Abilities, Weirdness & Mutations

You are immune to sickness and miasma.
Your stone body is resilient. (AC +3)
You are immune to poison.
You resist negative energy. (rN+)
You are resistant to electric shocks. (rElec)
You are resistant to unholy torment.
You are immune to petrification.


   Skills:
 - Level 2.0 Fighting
 + Level 4.0 Ranged Weapons
 - Level 1.8 Armour
 - Level 1.5 Dodging
 - Level 1.0 Spellcasting
 - Level 2.6 Hexes


You had 4 spell levels left.
You knew the following spells:

 Your Spells              Type           Power      Damage    Failure   Level
a - Slow                  Hex            32%        N/A       21%         1

Your spell library contained the following spells:

 Spells                   Type           Power      Damage    Failure   Level
 Inner Flame              Hex/Fire       4%         N/A       71%         3
 Portal Projectile        Hex/Tloc       8%         N/A       71%         3
 Cause Fear               Hex            4%         N/A       90%         4

Inventory:

Hand Weapons
 i - a +0 heavy arbalest (weapon)
Armour
 c - a +0 pair of boots (worn)
 g - a +0 pair of gloves (worn)
 h - a +0 ring mail (worn)
Scrolls
 f - a scroll of identify
 Y - 2 scrolls of teleportation
Potions
 a - a potion of cancellation
 b - a potion of lignification {unknown}
 d - a potion of mutation {unknown}
 e - a potion of attraction {unknown}
 j - a potion of enlightenment {unknown}
 k - a potion of ambrosia {unknown}

Dungeon Overview and Level Annotations

Branches:
Dungeon (3/15)

Altars:
The Shining One

Shops:
D:2 (


Message History

You shoot a bolt.
The bolt hits the orc but does no damage.
An orc comes into view. It is wielding a +0 club.
The orc hits you from afar with a +0 trident.
A hobgoblin comes into view.
The adder barely misses you. The orc barely misses you.
The orc hits you but does no damage. The adder bites you but does no damage.
The orc closely misses you. The orc barely misses you. The adder bites you.
You shoot a bolt. The orc shouts!
The bolt hits the orc!
You kill the orc!
The adder bites you but does no damage.
The orc hits you from afar with a +0 trident.
The adder closely misses you. The orc barely misses you. The adder bites you.
The orc barely misses you. The orc hits you with a +0 club.
Your Ranged Weapons skill increases to level 4!
You shoot a bolt.
The bolt hits the orc but does no damage.
The adder bites you but does no damage. x2; The orc closely misses you.
The orc hits you but does no damage. The adder bites you but does no damage.
The orc hits you but does no damage. The orc barely misses you.
The adder bites you.
You shoot a bolt. The bolt hits the orc.
The orc is almost dead.
The adder bites you but does no damage. The orc barely misses you.
The orc hits you from afar with a +0 trident.
The adder closely misses you. The orc hits you but does no damage. x2
The adder bites you but does no damage. The orc hits you with a +0 club.
The orc hits you from afar with a +0 trident.
1571 ||| READING 3 scrolls of teleportation.
As you read the scroll of teleportation, it crumbles to dust.
You feel strangely unstable. The adder bites you but does no damage.
The orc barely misses you. x2
You shoot a bolt. The bolt barely misses the orc.
The adder completely misses you. The adder bites you but does no damage.
The orc barely misses you. The orc closely misses you.
The adder bites you but does no damage. The orc hits you but does no damage.
The orc hits you from afar with a +0 trident.
You die...

### ..[ ####
#.# ... #.#
#..###S###.#
......o@...#
##.#.#.#.#.#
.o)#.#.#
#.#..#.#<# #
#..#.###
#..#..
#.#### ..


You could see an adder and 2 orcs.

Vanquished Creatures
  Natasha (twice) (D:2)
  A dart slug (D:2)
  2 orcs (D:3)
  3 ball pythons (D:2)
  3 bats
  5 endoplasms
  2 giant cockroaches (D:1)
  7 hobgoblins
  3 jackals (D:1)
  3 kobolds
  A quokka (D:1)
  4 rats
36 creatures vanquished.

Notes
Turn   | Place    | Note
-------+----------+-------------------------------------------
     0 | D:1      | qw the Gargoyle Hexslinger began the quest for the Orb.
     0 | D:1      | Reached XP level 1. HP: 12/12 MP: 2/2
     0 | D:1      | 0 ||| qw: Version: 0.3-a-46-gb1f654a
     0 | D:1      | 0 ||| qw: Game counter: 1542
     0 | D:1      | 0 ||| qw: Melee chars always use a shield: true
     0 | D:1      | 0 ||| qw: God list: Okawaru
     0 | D:1      | 0 ||| qw: Allow faded altars: false
     0 | D:1      | 0 ||| qw: Do Orc after clearing Dungeon:15 true
     0 | D:1      | 0 ||| qw: Do second Lair branch before Depths: true
     0 | D:1      | 0 ||| qw: Lair rune preference: random
     0 | D:1      | 0 ||| qw: Goals: Normal
     0 | D:1      | 0 ||| PLANNING D:1-11
   197 | D:1      | Reached XP level 2. HP: 16/16 MP: 3/3
   251 | D:1      | Reached skill level 3 in Ranged Weapons
   327 | D:1      | 327 ||| FLEEEEING.
   328 | D:1      | 328 ||| FLEEEEING.
   558 | D:1      | Reached XP level 3. HP: 21/21 MP: 4/4
   577 | D:1      | 577 ||| SWAPPING to +0 arbalest.
   580 | D:1      | 580 ||| DROPPING +1 sling.
   694 | D:1      | 694 ||| UPGRADING to +0 ring mail.
   704 | D:1      | 704 ||| DROPPING +0 robe.
   705 | D:1      | 705 ||| READING scroll labelled PEAHYG KUVOTE.
   706 | D:1      | 706 ||| READING scroll labelled SIATOAQAPNE.
   707 | D:1      | 707 ||| READING scroll labelled LUIRAI LOUWAJI.
   708 | D:1      | 708 ||| READING scroll labelled XACZEPTALA.
   709 | D:1      | 709 ||| DROPPING scroll of poison.
   743 | D:2      | Found a glowing golden altar of the Shining One.
   756 | D:2      | 756 ||| FLEEEEING.
   911 | D:2      | Noticed Natasha
   914 | D:2      | 914 ||| FLEEEEING.
   915 | D:2      | 915 ||| FLEEEEING.
   916 | D:2      | 916 ||| FLEEEEING.
   917 | D:2      | 917 ||| FLEEEEING.
   918 | D:2      | 918 ||| FLEEEEING.
   919 | D:2      | 919 ||| FLEEEEING.
   920 | D:2      | 920 ||| FLEEEEING.
   921 | D:2      | 921 ||| FLEEEEING.
   922 | D:2      | 922 ||| FLEEEEING.
   923 | D:2      | 923 ||| FLEEEEING.
   925 | D:2      | 925 ||| FLEEEEING.
   926 | D:2      | 926 ||| FLEEEEING.
   927 | D:2      | 927 ||| FLEEEEING.
   928 | D:2      | 928 ||| FLEEEEING.
   929 | D:2      | 929 ||| FLEEEEING.
   932 | D:2      | 932 ||| FLEEEEING.
   933 | D:2      | 933 ||| FLEEEEING.
   934 | D:2      | 934 ||| FLEEEEING.
   935 | D:2      | 935 ||| FLEEEEING.
   949 | D:2      | 949 ||| FLEEEEING.
   950 | D:2      | 950 ||| FLEEEEING.
   951 | D:2      | 951 ||| FLEEEEING.
   952 | D:2      | 952 ||| FLEEEEING.
   964 | D:2      | 964 ||| FLEEEEING.
   965 | D:2      | 965 ||| FLEEEEING.
   966 | D:2      | 966 ||| FLEEEEING.
   967 | D:2      | 967 ||| FLEEEEING.
   968 | D:2      | 968 ||| STAIRDANCE
  1000 | D:1      | 1000 ||| UPGRADING to +0 pair of boots.
  1005 | D:1      | 1005 ||| UPGRADING to +0 pair of gloves.
  1010 | D:1      | 1010 ||| READING 2 scrolls labelled SAPAMO OGORHE.
  1021 | D:2      | Killed Natasha
  1022 | D:2      | Reached skill level 1 in Armour
  1027 | D:2      | Found Umisk's Antique Weapon Shoppe.
  1110 | D:2      | Reached XP level 4. HP: 26/26 MP: 5/5
  1153 | D:2      | Identified the orb of the Harp {mayhem, rF+ rC+ rN+ Will+}
  1369 | D:2      | Noticed Natasha
  1370 | D:2      | Killed Natasha
  1372 | D:2      | 1372 ||| READING 2 scrolls of identify.
  1372 | D:2      | 1372 ||| IDENTIFYING grey potion
  1560 | D:3      | 1560 ||| PLANNING SEWER
  1569 | D:3      | Reached skill level 4 in Ranged Weapons
  1570 | D:3      | HP: 6/26 [orc/+0 club (4)]
  1571 | D:3      | 1571 ||| READING 3 scrolls of teleportation.
  1572 | D:3      | Slain by an orc

Levels and vault maps discovered:
D:1:      mrwooster_arrival_statue_3, layout_loops_ring
D:2:      layout_loops_ring, basic_altar, serial_shops, shop, minmay_puff,
          uniq_natasha
D:3:      layout_basic, hellmonk_ecumenical_altar_zigzags, gup_sewer_entry_glass

Skill      XL: |  1  2  3  4 |
---------------+-------------+-----
Ranged Weapons | 3 4 |  4.0
Fighting       | 2 |  2.0
Armour         | 1 |  1.8
Dodging        | |  1.5
Spellcasting   | |  1.0
Hexes          | |  2.6

Action                     |  1- 3 |  4- 6 || total
---------------------------+-------+-------++-------
   Fire: Sling             |    72 |       ||    72
         Arbalest          |    12 |    21 ||    33
    Use: Scroll            |     5 |     2 ||     7
 Armour: Robe              |     9 |       ||     9
         Ring mail         |     1 |    27 ||    28
  Dodge: Dodged            |    32 |    19 ||    51

Table legend:
 A = Non-vault XP
 B = Vault XP
 C = Vault XP percentage of total XP
 D = Non-vault monster count
 E = Vault monster count
 F = Vault count percentage of total count
                 A         B        C        D         E       F
            +---------+---------+-------+---------+---------+-------
      Total |      96 |      40 |  29.4 |      31 |       5 |  13.9
            +---------+---------+-------+---------+---------+-------
        D:1 |      38 |       0 |   0.0 |      20 |       0 |   0.0
        D:2 |      52 |      40 |  43.5 |       9 |       5 |  35.7
        D:3 |       6 |       0 |   0.0 |       2 |       0 |   0.0
            +---------+---------+-------+---------+---------+-------
